 Dungeon Crawl Stone Soup version 0.29.1-12-g30fa7ad0bf (webtiles) character file.

Game seed: 7082879762044723958

44 Radix the Sneak (level 3, -1/35 HPs)
             Began as a Troll Brigand on Dec 13, 2022.
             Slain by a gnoll
             ... wielding a +0 spear
              (8 damage)
             ... on level 2 of the Dungeon.
             The game lasted 00:10:41 (964 turns).

Radix the Sneak (Troll Brigand)                      Turns: 964, Time: 00:10:42

Health: -1/35      AC:  5    Str: 19    XL:     3   Next: 39%
Magic:  2/2        EV:  9    Int:  7    God:
Gold:   43         SH:  0    Dex: 13    Spells: 2/2 levels left

rFire   . . .      SeeInvis .   a - +2 dagger
rCold   . . .      Faith    .   (no shield)
rNeg    . . .      Spirit   .   b - +0 robe
rPois   .          Reflect  .   (helmet restricted)
rElec   .          Harm     .   c - +0 cloak
rCorr   .          Rampage  .   (gloves unavailable)
Will    .....                   (boots unavailable)
Stlth   ++........              (no amulet)
HPRegen 0.91/turn               (no ring)
MPRegen 0.08/turn               (no ring)

@: lethally poisoned (-1 -> -2)
A: large, unfitting armour, claws 3, regeneration 1, shaggy fur 1, tough skin 1
a: no special abilities


You were on level 2 of the Dungeon.
You visited 1 branch of the dungeon, and saw 2 of its levels.

You collected 43 gold pieces.

Inventory:

Hand Weapons
 a - a +2 dagger (weapon)
Missiles
 d - 8 poisoned darts (quivered)
 e - 3 curare-tipped darts
Armour
 b - a +0 robe (worn)
 c - a +0 cloak (worn)
Scrolls
 h - a scroll of teleportation {unknown}
 k - 2 scrolls of vulnerability
 m - a scroll of fear {unknown}
Potions
 g - 2 potions of mutation {unknown}
 i - 2 potions of curing
 j - a potion of degeneration {unknown}
 l - a potion of lignification {unknown}
 n - a potion of heal wounds {unknown}


   Skills:
 + Level 2.1 Fighting
 + Level 2.0 Short Blades
 + Level 2.2 Throwing
 - Level 0.7 Dodging
 + Level 2.4 Stealth


You had 2 spell levels left.
You didn't know any spells.
Your spell library was empty.

Dungeon Overview and Level Annotations

Branches:
Dungeon (2/15)

Altars:


Innate Abilities, Weirdness & Mutations

You are too large for most types of armour.
You have claws for hands.
Your natural rate of healing is unusually fast.
You are covered in fur. (AC +1)
You have tough skin. (AC +1)


Message History

Press: ? - help, Q - select action, (/) - cycle Shift-Dir - straight line, f - gnoll
Aim: a gnoll, wielding a +0 spear (63% to hit)
You throw a poisoned dart. The poisoned dart hits the gnoll.
The gnoll is poisoned.
The bat barely misses you. The bat hits you but does no damage.
The gnoll closely misses you. The bat barely misses you.
The adder bites you but does no damage. The bat hits you but does no damage.
The bat barely misses you. The adder bites you but does no damage.
You hit the adder.
The adder is lightly wounded.
The bat hits you but does no damage.
The gnoll hits you from afar with a +0 spear.
The adder bites you.
You hit the adder.
The adder is moderately wounded.
The gnoll looks more healthy.
The bat hits you but does no damage. The adder bites you but does no damage.
The rat bites you. The gnoll barely misses you.
The bat hits you but does no damage. The adder barely misses you.
The gnoll hits you but does no damage. The gnoll closely misses you.
The bat attacks as you move away! The bat hits you but does no damage.
The rat attacks as you move away! The rat bites you but does no damage.
The bat closely misses you. The adder barely misses you.
The gnoll hits you from afar with a +2 spear of flaming.
The gnoll burns you. The gnoll hits you with a +0 spear.
The adder closely misses you.
The gnoll hits you from afar with a +0 spear.
The bat hits you but does no damage. The bat hits you but does no damage.
The adder bites you.
You are poisoned.
The adder poisons you! The gnoll closely misses you.
The gnoll hits you from afar with a +0 spear.
The adder attacks as you move away! The adder bites you.
You feel sick.
The gnoll hits you from afar with a +2 spear of flaming.
* * * LOW HITPOINT WARNING * * *
The gnoll burns you.
* * * LOW HITPOINT WARNING * * *
The gnoll hits you from afar with a +0 spear!
You die...

#....).#......<.##....
#####.##........## .. ###
#.##.........#.. . #..)
###.##.............
#...##.)..#.$......##....
#..................# ....
#......gg.#........# ...
#...#.....#........# ..
#...##brS@.........# ###
#....#..........
#....#######....! #....#
##### #....# ######


You could see 2 gnolls, an adder, a bat and a rat.

Vanquished Creatures
  A gnoll (D:1)
  A dart slug (D:1)
  2 ball pythons (D:1)
  An endoplasm (D:1)
  A giant cockroach (D:1)
  4 goblins (D:1)
  4 hobgoblins (D:1)
  4 jackals (D:1)
  2 quokkas (D:1)
  2 bats (D:1)
  2 frilled lizards
  3 kobolds
  3 rats
30 creatures vanquished.

Notes
Turn   | Place    | Note
-------+----------+-------------------------------------------
     0 | D:1      | Radix the Troll Brigand began the quest for the Orb.
     0 | D:1      | Reached XP level 1. HP: 19/19 MP: 0/0
   153 | D:1      | Reached XP level 2. HP: 28/28 MP: 1/1
   531 | D:1      | Found a faded altar of an unknown god.
   737 | D:1      | Reached XP level 3. HP: 35/35 MP: 2/2
   964 | D:2      | Slain by a gnoll

Illustrated notes

Levels and vault maps discovered:
D:1:      zaba_arrival_water, layout_rooms, hellmonk_ecumenical_altar_zigzags,
          palyth_stone_intersect
D:2:      layout_rooms, serial_shops, nicolae_shop_hallway_stairs, uniq_terence

Skill      XL: |  1  2 |
---------------+-------+-----
Throwing       | 2 |  2.2
Fighting       | 2 |  2.1
Short Blades   | 2 |  2.0
Dodging        | |  0.7
Stealth        | |  2.4

Action                   || total
-------------------------++-------
Melee: Dagger            ||   145
Throw: Dart              ||     1
  Use: Scroll            ||     1
       Potion            ||     1
 Stab: Sleeping          ||     3
Armor: Robe              ||    96
Dodge: Dodged            ||   103
